AoeStats
← geezeweezebabypls

Fortress

510818893Analyzed
1v1 RM · 18h ago on Oct 2, 2026· 43m 14s· 2 players
Game mode
Random Map
Map size
Small (3 player)
Population
200
Speed
Normal
Resources
Standard
Victory
Conquest
Starting age
Dark Age
Ending age
Imperial Age
RankedLock teamsTeams togetherTeam positionsShared explorationLock speedFull tech treeHidden civsTurbo modeCheats
Victory
Defeat
🇨🇦 Inca · Canada
822
+15
🇬🇧 Celts · United Kingdom
804
-15
geezeweezebabypls
5:02 Loom
10:38 Feudal Age
14:59 Castle Age
14:07 Horse Collar
15:05 Double-Bit Axe
14:43 Man-at-Arms
17:51 Heavy Plow
19:22 Bow Saw
22:20 Stronghold
23:31 Town Watch
23:47 Gold Mining
23:48 Stone Mining
30:35 Imperial Age
32:11 Conscription
33:06 Furor Celtica
33:55 Gold Shaft Mining
37:09 Stone Shaft Mining
36:36 Murder Holes
37:15 Heated Shot
37:39 Masonry
37:52 Ballistics
38:16 Gambesons
37:52 Pikeman
38:36 Scale Mail Armor
38:42 Scale Barding Armor
38:49 Forging
38:32 Fletching
38:43 Padded Archer Armor
39:52 Heresy
39:09 Halberdier
QW4TTRO
3:11 Loom
5:33 Feudal Age
7:25 Double-Bit Axe
13:36 Castle Age
11:27 Horse Collar
16:57 Bow Saw
19:06 Wheelbarrow
21:21 Town Watch
25:17 Imperial Age
22:56 Scale Mail Armor
23:02 Squires
23:41 Stone Mining
23:46 Fletching
25:05 Fortified Wall
26:21 Chain Mail Armor
27:14 Conscription
27:03 Andean Sling
26:57 Gold Mining
27:52 Ballistics
27:57 Bodkin Arrow
28:03 Padded Archer Armor
28:34 Plate Mail Armor
29:20 Elite Skirmisher
30:08 Thumb Ring
31:07 Chemistry
30:18 Elite Kamayuk
31:20 Leather Archer Armor
31:06 Bracer
32:26 Hand Cart
32:49 Fabric Shields
34:26 Forging
34:46 Ring Archer Armor
34:17 Champi Runner
37:57 Iron Casting
37:35 Champi Warrior
39:51 Blast Furnace
41:16 Devotion
42:27 Arson
Connection lost

Rejoining the realm…

Still unreachable

The connection could not be restored.

Session expired

The server has moved on; the page needs a fresh start.